 Dungeon Sprint DCSS version 0.30-a0-1116-gebefce21f7 (webtiles) character file.

Game seed: 1069423155532769340

17 123456 the Trooper (level 2, -1/29 HPs)
             Began as a Minotaur Fighter on Apr 21, 2023.
             Slain by an iguana (10 damage)
             ... in the Dungeon (Sprint IX: "|||||||||||||||||||||||||||||").
             The game lasted 00:00:09 (35 turns).

123456 the Trooper (Minotaur Fighter)                 Turns: 35, Time: 00:00:10

Health: -1/29      AC:  7    Str: 20    XL:     2   Next: 44%
Magic:  1/1        EV:  9    Int:  5    God:
Gold:   0          SH:  4    Dex:  9    Spells: 1/1 levels left

rFire   . . .      SeeInvis .    a - +0 flail
rCold   . . .      Faith    .    c - +0 buckler
rNeg    . . .      Spirit   .    b - +0 scale mail
rPois   .          Reflect  .    (helmet restricted)
rElec   .          Rampage  .    (no cloak)
rCorr   .          NoTele   +    (no gloves)
Will    .....                    (no boots) Stlth
                                 (no amulet)
HPRegen 0.24/turn                (no ring)
MPRegen 0.07/turn                (no ring)

@: no status effects
A: horns 2, retaliatory headbutt
a: no special abilities


You were in the Dungeon.
You visited 1 branch

Inventory:

Hand Weapons
 a - a +0 flail (weapon)
Armour
 b - a +0 scale mail (worn)
 c - a +0 buckler (worn)
Scrolls
 j - a scroll of blinking
Potions
 d - a potion of might
 e - a potion of curing
 f - a potion of heal wounds
 g - a potion of haste
 h - 2 potions of magic
 i - a potion of berserk rage


   Skills:
 * Level 5.1 Fighting
 * Level 4.2 Maces & Flails
 + Level 4.4 Armour
 + Level 1.8 Dodging
 - Level 3.6 Shields


You had one spell level left.
You didn't know any spells.
Your spell library was empty.

Dungeon Overview and Level Annotations

Branches:
Dungeon (1/1)

Altars:


Innate Abilities, Weirdness & Mutations

You have a pair of horns on your head.
You reflexively headbutt those who attack you in melee.


Message History

You hit the adder but do no damage. Your headbutt misses the adder.
The adder bites you.
You are poisoned.
The adder poisons you! The adder bites you but does no damage.
You sock the adder!
The adder is almost dead.
You feel sick.
The orc suddenly complains, as Orcs often do.
The adder bites you but does no damage. The adder closely misses you.
You barely miss the adder. Your headbutt misses the adder.
The adder is almost dead.
You feel sick. The adder closely misses you. You furiously retaliate!
You headbutt the adder!
You kill the adder!
Your Fighting skill increases to level 5!
Your Maces & Flails skill increases to level 4!
You have reached level 2!
You hit the orc but do no damage.
You feel sick. The orc hits you with a +0 dagger.
You barely miss the orc.
You feel sick. The orc hits you but does no damage. x2
You closely miss the orc. Your headbutt misses the orc.
You feel sick.
You are no longer poisoned.
The orc hits you but does no damage.
You sock the orc!
You kill the orc!
Unknown command.
Unknown command.
You closely miss the iguana. The iguana bites you!
You hit the iguana but do no damage. You headbutt the iguana.
The iguana is lightly wounded.
The iguana bites you but does no damage.
The iguana bites you.
* * * LOW HITPOINT WARNING * * *
You sock the iguana! Your headbutt misses the iguana.
The iguana is heavily wounded.
You block the iguana's attack.
You barely miss the iguana.
The iguana is heavily wounded.
The iguana bites you!
You die...

▓.▓
▓.▓
▓.▓
▓)▓
▓.▓
▓.▓
▓.▓
▓.▓
▓@▓
▓l▓
▓S▓
▓f▓
▓.▓
▓.▓
▓.▓
▓+▓


You could see a sleepcap, an iguana and an adder.

Vanquished Creatures
  An adder (D)
  An orc (D)
  2 endoplasms (D)
  A giant cockroach (D)
  A goblin (D)
  A bat (D)
7 creatures vanquished.

Notes
Turn   | Place    | Note
-------+----------+-------------------------------------------
     0 | D        | 123456 the Minotaur Fighter began the quest for the Orb.
     0 | D        | Reached XP level 1. HP: 19/19 MP: 0/0
     5 | D        | Reached skill level 4 in Fighting
    13 | D        | Reached skill level 1 in Dodging
    21 | D        | Noticed an iguana
    21 | D        | Noticed a sleepcap
    28 | D        | Reached skill level 5 in Fighting
    28 | D        | Reached XP level 2. HP: 23/29 MP: 1/1
    35 | D        | Slain by an iguana

Illustrated notes

Levels and vault maps discovered:
D:        linesprint [early_d, line_temple, items_1, d_10, items_2, lair_1,
          lair_end, items_3, orc_1, orc_end, items_4, d_15, swamp_1, shoals_1,
          snake_1, spider_1, d_20, vaults_1, items_5, swamp_end, shoals_end,
          snake_end, spider_end, vaults_end, d_27, items_6, zot_1, zot_end,
          crypt_end, forest_end, elf_end, slime_end, tomb_end, abyss_end,
          pan_hell_end]

Skill      XL: |  1 |
---------------+----+-----
Fighting       | 5 |  5.1
Maces & Flails | 4 |  4.2
Dodging        | 1 |  1.8
Armour         | 4 |  4.4
Shields        | |  3.6

Action                     || total
---------------------------++-------
  Melee: Flail             ||    25
         Headbutt          ||     2
 Armour: Scale mail        ||    12
  Dodge: Dodged            ||    10
  Block: Buckler           ||     5

Table legend: (Time is in decaauts)
 A = Elapsed time spent in this place.
 B = Non-inter-level travel time spent in this place.
 C = Inter-level travel time spent in this place.
 D = Time resting spent in this place.
 E = Time spent auto-exploring this place.
 F = Levels seen in this place.
 G = Mean time per level.
                   A        B        C        D        E       F      G
               +--------+--------+--------+--------+--------+-----+--------+
         Total |     41 |     41 |      0 |      0 |      8 |   1 |   41.0 |
       Dungeon |     41 |     41 |      0 |      0 |      8 |   1 |   41.0 |
               +--------+--------+--------+--------+--------+-----+--------+

Top non-repeatable levels by time:
       D: 41 daAuts
